Cogmind - Beta 16 @@@ ROGUE MODE // 2025.10.30 @ 22:27:05 Player: Senbatale Result: Destroyed by G-47 Trooper with Particle Gun Performance ------------- Evolutions (0) 0 Regions Visited (2) 400 Robots Destroyed (38) 190 Value Destroyed (884) 884 Prototype IDs (0) 0 Alien Tech Used (0) 0 Bonus (0) 0 TOTAL SCORE: 1474 Bonus ------- None Cogmind --------- Core Integrity 0/250 Matter 128/300 Energy 100/100 System Corruption 0% Temperature Cool (9) Movement Rolling (110) Ox2 Location -10/Subcaves Parts ------- > --- POWER (1) -------- (None) > --- PROPULSION (2) --- Wheel Wheel > --- UTILITY (2) ------ High-capacity Storage Unit Visual Processing Unit > --- WEAPON (2) ------- Battle Cannon Grenade Launcher > --- INVENTORY (20) --- Light Treads Subdweller Monowheel Subdweller Monowheel Flight Unit Large Matter Pod (150) Signal Interpreter Improved Terrain Scanner Seismic Detector Targeting Computer ECM Suite Scrap Shield Small Laser Mini Grenade Launcher Mini Grenade Launcher Mini Grenade Launcher Dirty Datajack (20) Mace Peak State ------------ > --- POWER ------------ Subdweller Power Source > --- PROPULSION ------- Wheel Wheel > --- UTILITY ---------- High-capacity Storage Unit Visual Processing Unit > --- WEAPON ----------- Battle Cannon Grenade Launcher > --- INVENTORY -------- Light Treads Subdweller Monowheel Flight Unit Large Matter Pod Signal Interpreter Improved Terrain Scanner Seismic Detector Targeting Computer ECM Suite Scrap Shield Small Laser Mini Grenade Launcher Mini Grenade Launcher Mini Grenade Launcher Dirty Datajack Mace [Rating: 13] Favorites ----------- Power Light Ion Engine Engine Light Ion Engine Propulsion Light Treads Treads Light Treads Wheel Wheel Utility High-capacity Storage Unit Device Seismic Detector Storage High-capacity Storage Unit Processor Visual Processing Unit Weapon Small Laser Energy Gun Small Laser Ballistic Gun Assault Rifle Ballistic Cannon Battle Cannon Launcher Mini Grenade Launcher Build | -11 -10 -10 ------- Run | Yrd Mat Sub Slots Evolved . | . . . Power . | . . . Propulsion . | . . . Utility . | . . . Weapon . | . . . Parts Attached 26 | 7 9 10 Power 5 | 1 2 2 Engine 5 | 1 2 2 Core . | . . . Reactor . | . . . Propulsion 7 | 2 2 3 Treads 2 | 2 . . Leg . | . . . Wheel 5 | . 2 3 Hover . | . . . Flight . | . . . Utility 6 | 2 3 1 Device 2 | 1 1 . Storage 3 | 1 2 . Processor 1 | . . 1 Hackware . | . . . Protection . | . . . Artifact . | . . . Weapon 8 | 2 2 4 Energy Gun 1 | 1 . . Energy Cannon . | . . . Ballistic Gun 2 | 1 1 . Ballistic Cannon 2 | . . 2 Launcher 3 | . 1 2 Special Weapon . | . . . Impact Weapon . | . . . Slashing Weapon . | . . . Piercing Weapon . | . . . Special Melee Weapon . | . . . Unidentified Prototypes . | . . . Parts Lost 10 | . 1 9 Power 3 | . . 3 Propulsion 3 | . . 3 Utility 2 | . 1 1 Weapon 2 | . . 2 Highest Loss Streak 4 | . 1 4 To Critical Strikes . | . . . Average Backups 12 | 1 12 14 Power . | . 1 . Propulsion 1 | . 2 1 Utility 5 | . 4 6 Weapon 4 | . 4 5 Tool/Special . | . . . Unused Backups 17 | . 3 14 Power . | . . . Propulsion 4 | . 1 3 Utility 8 | . 1 7 Weapon 4 | . 1 3 Tool/Special 1 | . . 1 Average Slot Usage (%) 96 | . 99 94 Engine 11 | . 14 9 Treads 12 | . 18 8 Wheel 15 | . 9 19 Device 6 | . 13 . Storage 14 | . 14 14 Processor 7 | . . 13 Energy Gun 9 | . 14 6 Ballistic Gun 4 | . 8 1 Ballistic Cannon 3 | . . 5 Launcher 10 | . 5 13 Peak Build Rating 13 | 7 10 13 Average Rating 10 | 6 8 11 On Entrance 5 | . 7 9 Avg Prop Armor Cover (%) 8 | . . 8 Naked Turns . | . . . Heaviest Build 51 | 12 48 51 Greatest Support 40 | 40 40 40 Greatest Overweight (x) 4 | . 1 4 Average Overweight (x) 1 | . . 1 Largest Inventory Capacity 20 | 8 20 20 Average Capacity 18 | 7 18 20 Most Carried 18 | 6 16 18 Average Carried 13 | 1 12 15 Final Capacity 20 | 8 20 20 Final Carried 18 | 6 16 18 Class Distribution -------------------- 93% | Mutant 6% | Scavenger-Mutant Dominant Class ---------------- Mutant | -10/Materials Mutant | -10/Subcaves Resources | -11 -10 -10 ----------- Run | Yrd Mat Sub Matter Collected 1030 | 303 359 368 Remotely . | . . . Salvage Created 805 | 154 330 321 Parts 76 | 16 37 23 Haulers Intercepted . | . . . Recyclers Shooed . | . . . Parts Field Recycled . | . . . Retrieved Matter . | . . . Parts Self-Destructed 15 | . . 15 Prevented . | . . . Parts Restored . | . . . Kills | -11 -10 -10 ------- Run | Yrd Mat Sub Combat Hostiles Destroyed 28 | . 13 15 Guns 14 | . 13 1 Cannons 1 | . . 1 AOE 13 | . . 13 Classes Destroyed 8 | 2 4 2 Tunneler 5 | 5 . . Recycler 1 | 1 . . Turret 2 | . . 2 Watcher 2 | . 2 . Swarmer 12 | . 8 4 Grunt 4 | . 4 . Sentry 1 | . . 1 Subdweller 11 | . 1 10 Best Kill Streak 5 | 2 5 2 Combat Bots Only 5 | . 5 2 Max Kills in Single Turn 2 | 1 1 2 Gunslinging . | . . . Exploded 2 | . . 2 Melee . | . . . Uniques/NPCs Destroyed . | . . . Combat | -11 -10 -10 -------- Run | Yrd Mat Sub Hostile Shots Fired 175 | . 41 134 Missed 56 | . 8 48 Hits 119 | . 33 86 Projectile 119 | . 33 86 Damage Taken 1345 | . 316 1029 Core 254 | . 24 230 Absorbed by Shields . | . . . Core Remaining (%) 100 | 100 . . Volleys Fired 100 | 11 40 49 Largest 2 | 2 2 2 Hottest 70 | 60 70 70 Shots Fired 180 | 22 75 83 Gun 124 | 22 73 29 Cannon 19 | . . 19 Launcher 37 | . 2 35 Special . | . . . Kinetic 76 | 11 36 29 Thermal 67 | 11 37 19 Explosive 37 | . 2 35 Electromagnetic . | . . . Robot Hit Streak 14 | 7 14 13 Robot Miss Streak 4 | 2 3 4 Penetration Max . | . . . Secondary Targets 2 | . 2 . Max Gunslinging Chain 1 | . 1 . Shots Hit Robots 97 | 14 42 41 Core Hits 58 | 7 21 30 Critical Kills . | . . . Critical Parts Destroyed . | . . . Critical Strikes 1 | . . 1 Blast 1 | . . 1 Melee Attacks . | . . . Impact . | . . . Slashing . | . . . Piercing . | . . . Sneak Attacks . | . . . Combat Hostiles . | . . . Follow-up Attacks . | . . . Damage Inflicted 2313 | 164 499 1650 Guns 726 | 164 479 83 Cannons 283 | . . 283 Explosions 1304 | . 20 1284 Melee . | . . . Ramming . | . . . Kinetic 599 | 53 237 309 Thermal 410 | 111 242 57 Explosive 1304 | . 20 1284 Electromagnetic . | . . . Impact . | . . . Slashing . | . . . Piercing . | . . . Highest Corruption . | . . . Average Corruption . | . . . Corruption Purged . | . . . Corruption Blocked . | . . . Overload Shots . | . . . Overflow Damage 49 | . . 49 Projectiles . | . . . Explosions 49 | . . 49 Melee . | . . . Knockbacks 1 | . . 1 Impact . | . . . Kinetic 1 | . . 1 Secondary . | . . . Self-Inflicted Damage 207 | . . 207 Shots 7 | . . 7 Rammed . | . . . Targets Rammed . | . . . Kicked . | . . . Crushed . | . . . Highest Temperature 58 | . 58 15 Average Temperature 29 | . 29 15 Received Heat Transfer 378 | . 108 270 Siege Activations . | . . . Martial Activations . | . . . Shielding Activations . | . . . Robots Disrupted . | . . . Combat Hostiles . | . . . Robots Corrupted . | . . . Combat Hostiles . | . . . Parts Fried . | . . . Impact Corruptions . | . . . Robots Melted . | . . . Combat Hostiles . | . . . Parts Melted 1 | . 1 . Heat Transferred 925 | 250 550 125 Parts Sabotaged . | . . . Parts Stolen . | . . . Parts Stripped . | . . . Power Chain Reactions . | . . . Alert | -11 -10 -10 ------- Run | Yrd Mat Sub Maximum Alert Level . | . . . Low Security (%) 100 | 100 100 . Level 1 . | . . . Level 2 . | . . . Level 3 . | . . . Level 4 . | . . . Level 5 . | . . . High Security . | . . . Max Security . | . . . Peak Influence 182 | 5 182 . Initial . | . . . Average 43 | 1 50 . Influence Increases 632 | 30 407 195 Destroy 0b10 Robot/C 380 | . 240 140 Destroy 0b10 Robot/NC 40 | 30 10 . Destroy Leader 64 | . 54 10 Successful Hack 34 | . 34 . Disable Machine 15 | . 15 . Destroy Structure 9 | . 9 . Lose Combat Pursuer 90 | . 45 45 Influence Decreases 612 | 30 369 213 Entered New Map 19 | . . 19 Time Decay 563 | 30 359 174 Lost Part 30 | . 10 20 Squads Dispatched 3 | . 3 . Investigation 3 | . 3 . Extermination . | . . . Reinforcement . | . . . Assault . | . . . Garrison . | . . . Intercept . | . . . Searches Triggered . | . . . Construction Impeded . | . . . Haulers Reinforced . | . . . Active Scanning Responses . | . . . Cargo Convoy Interrupts . | . . . Stealth | -11 -10 -10 --------- Run | Yrd Mat Sub Distress Signals . | . . . Communications Jammed . | . . . Distress Signals . | . . . Times Spotted 45 | . 22 23 Peak Tracking Total 6 | . 4 6 Tactical Retreats 5 | . 3 2 Traps | -11 -10 -10 ------- Run | Yrd Mat Sub Traps Triggered 1 | . 1 . Indirectly . | . . . Trap Hack Attempts . | . . . Triggered . | . . . Disarmed . | . . . Reprogrammed . | . . . Reused . | . . . Traps Extracted . | . . . Installed . | . . . Triggered . | . . . Machines | -11 -10 -10 ---------- Run | Yrd Mat Sub Machines Disabled 5 | . 1 4 Max in Single Turn 2 | . 1 2 Machines Repaired . | . . . Machines Dismantled . | . . . Machines Sabotaged . | . . . Overloaded Fab Kills . | . . . Hacking | -11 -10 -10 --------- Run | Yrd Mat Sub Machines Accessed 7 | . 7 . Terminals 7 | . 7 . Fabricators . | . . . Repair Stations . | . . . Recycling Units . | . . . Scanalyzers . | . . . Garrison Access . | . . . Total Hacks 21 | . 21 . Successful 12 | . 12 . Failed 9 | . 9 . Catastrophic 1 | . 1 . Database Lockouts . | . . . Manual 21 | . 21 . Terminals 21 | . 21 . Fabricators . | . . . Repair Stations . | . . . Recycling Units . | . . . Scanalyzers . | . . . Garrison Access . | . . . Terminal Hacks . | . . . Fabricator Hacks . | . . . Repair Station Hacks . | . . . Recycling Unit Hacks . | . . . Scanalyzer . | . . . Garrison Access Hacks . | . . . Unauthorized Hacks 12 | . 12 . Terminals 12 | . 12 . Botnet 6 | . 6 . Disrupt 1 | . 1 . Operators 1 | . 1 . Skim 4 | . 4 . Fabricators . | . . . Repair Stations . | . . . Recycling Units . | . . . Scanalyzers . | . . . Garrison Access . | . . . Data Cores Recovered . | . . . Used . | . . . Hacking Detections 7 | . 7 . Full Trace Events 2 | . 2 . Feedback Events . | . . . Feedback Blocked . | . . . Robot Schematics Acquired . | . . . Robots Built . | . . . Authchips . | . . . Time . | . . . Total Robot Build Rating . | . . . Part Schematics Acquired . | . . . Parts Built . | . . . Authchips . | . . . Time . | . . . Total Part Build Rating . | . . . Part Studies Acquired . | . . . Parts Repaired . | . . . Time . | . . . Parts Recycled . | . . . Recycled Matter . | . . . Retrieved Matter . | . . . Retrieved Components . | . . . Parts Scanalyzed . | . . . Part Schematics Acquired . | . . . Parts Damaged . | . . . Bothacking | -11 -10 -10 ------------ Run | Yrd Mat Sub Used RIF Installer . | . . . Robots Hacked . | . . . Non-combat . | . . . Combat . | . . . Robot Hacks Applied . | . . . Relay Couplers Released . | . . . Fabnet Peak Effective % . | . . . Robots Rewired . | . . . Allies Hacked . | . . . Hacks Repelled . | . . . Allies | -11 -10 -10 -------- Run | Yrd Mat Sub Total Allies . | . . . Largest Group . | . . . Highest-Rated Group . | . . . Highest-Rated Ally . | . . . Total Orders . | . . . Ally Attacks . | . . . Total Damage . | . . . Kills . | . . . Allies Corrupted . | . . . Allies Melted . | . . . Intel | -11 -10 -10 ------- Run | Yrd Mat Sub Active Infowar (turns) 3854 | 92 1673 2089 Optics 2029 | . . 2029 Seismic 1825 | 92 1673 60 Robot Analysis Total . | . . . Derelict Logs Recovered 2 | . . 2 Drone Launches . | . . . Drone Recoveries . | . . . Exploration | -11 -10 -10 ------------- Run | Yrd Mat Sub Turns Passed 4110 | 277 1676 2157 Spaces Moved 2135 | 139 789 1207 Core 2 | 2 . . Treads 844 | 137 418 289 Legs . | . . . Wheels 1289 | . 371 918 Hover . | . . . Flight . | . . . Fastest Speed 50 | 50 115 110 Average Speed 163 | 158 172 158 Slowest Speed 320 | 160 240 320 Overloaded Moves . | . . . Propulsion Burnouts . | . . . Robots Hopped . | . . . Potential Cave-ins 7 | . . 7 Cave-ins Triggered . | . . . Exploration Rate (%) 56 | 8 98 63 Regions Visited 2 Branch Regions 1 Pre-discovered Areas . | . . . Known Exits Taken . | . . . Unknown Exits Taken 2 | 1 1 . Scrap Searched . | . . . Spaces Dug 64 | . 5 59 Terrain Destroyed 232 | . 8 224 Melee . | . . . Projectile . | . . . AOE 232 | . 8 224 Terrain Rammed . | . . . Walls Destroyed . | . . . Machines Disabled . | . . . Actions | -11 -10 -10 --------- Run | Yrd Mat Sub Total 2568 | 170 1026 1372 Wait 265 | 8 166 91 Move 2133 | 138 788 1207 Hop . | . . . Pick Up 27 | 6 15 6 Fast Attach 12 | 7 . 5 Attach 8 | . 1 7 Detach 4 | . . 4 Swap 9 | . 8 1 Drop 10 | . 8 2 Fire 100 | 11 40 49 Melee . | . . . Ram . | . . . Kick . | . . . Crush . | . . . Escape Stasis . | . . . Rewire . | . . . Trap . | . . . Miscellaneous . | . . . Route ------- -11/Scrapyard -10/Materials (discovered 5 exits: [*Mat x3] / [*Min] / [*Sub]) -10/Subcaves (discovered 1 exit: [*Rec]) History --------- Turn | Location | Event 12 | -11/Scrapyard | Discovered new exit (range 15) 278 | -11/Scrapyard | Entered Materials 317 | -10/Materials | Build established: Mutant 878 | -10/Materials | Derelicts attacked the area 943 | -10/Materials | Discovered new exit (range 16) 1223 | -10/Materials | Discovered new exit (range 11) 1430 | -10/Materials | Discovered new exit (range 11) 1615 | -10/Materials | Discovered new exit (range 15) 1949 | -10/Materials | Discovered new exit (range 5) 1954 | -10/Materials | Entered Subcaves 1955 | -10/Subcaves | Approached by a straggling Scientist 2009 | -10/Subcaves | Discovered new exit (range 11) 2046 | -10/Subcaves | Lost 4 parts (1p2n1u) 2184 | -10/Subcaves | Core integrity fell below 50% 2772 | -10/Subcaves | A swath of the cavern ceiling suddenly collapsed 2973 | -10/Subcaves | Core integrity fell below 20% 3198 | -10/Subcaves | Learned Materials stockpile data 3241 | -10/Subcaves | Shifting Twisted Machinery released Sub. Monowheel 3256 | -10/Subcaves | Shifting Twisted Machinery released Battle Cannon 3326 | -10/Subcaves | A swath of the cavern ceiling suddenly collapsed 3527 | -10/Subcaves | Ambushed by Subdweller buried in earth 3682 | -10/Subcaves | Learned Materials security intel 4111 | -10/Subcaves | Destroyed by G-47 Trooper with Particle Gun Last Messages --------------- 03553_ Acquired Battle Cannon. 03557_ The unstable cave ceiling collapses. 03579_ Battle Cannon crushed. 03583_ The unstable cave ceiling collapses. 03584_ Acquired 19 matter. 03585_ The unstable cave ceiling collapses. 03682_ Acquired derelict log, extracted data. Data stored: Materials security intel. 03711_ MO-GZA(R) Sub. Machine Gun blasted off. 03711_ MO-GZA(R) destroyed. 03711_ L5-NDD(R) destroyed. 03718_ Subatomizers dissect the Sub. Machine Gun. 03723_ Acquired 24 matter. 03724_ Acquired 5 matter. 03729_ Subatomizers dissect the Sub. Machine Gun. 03737_ The unstable cave ceiling collapses. 03938_ 28-68R(u) tweaks Twisted Machinery. 04109_ Y-45 Defender destroyed. Map ----- +----------------------------------------------------+ | ?????????????????????????????????????????????????? | | ?????????????????????????????????????????????????? | | ?????????????????????????????????????????????????? | | ?????????????????????????????????????????????????? | | ?????????????????????????????????????????????????? | | ?????????????????????????????????????????????????? | | ?????????????????????????????????????????????????? | | ?????????????????????????????????????????????????? | | ?????????????????????????????????????????????????? | | ?????????????????????????????????????????????????? | | ?????????????????????????????????????????????????? | | ?????????????????????????????????????????????????? | | ?????????????????????????????????????????????????? | | ????????????????????????????????????????????????## | | ???????????????????????????????????????????????## | | ???????????????????????????????????????????????# | | ???????????????????????????#######???????????### | | ????????????????????????#### ##????####### " | | ????????????????????????# ###### ## | | ??????? ???????????????# ## | | ??????? ????????????# | | ?????? ###?????## ###### | | ??????? g% #### ## ##????# | | ???????????# g[%! # ## #?????? | | ???????????????#![ #### #????? | | ??????????????# @###??## #???? | | ???????????????# ### ##?????## ## ## #???? | | ???????????????#### #??###???????#########?###???? | | ??????????????????##?????????????????????????????? | | ?????????????????????????????????????????????????? | | ?????????????????????????????????????????????????? | | ?????????????????????????????????????????????????? | | ?????????????????????????????????????????????????? | | ?????????????????????????????????????????????????? | | ?????????????????????????????????????????????????? | | ?????????????????????????????????????????????????? | | ?????????????????????????????????????????????????? | | ?????????????????????????????????????????????????? | | ?????????????????????????????????????????????????? | | ?????????????????????????????????????????????????? | | ?????????????????????????????????????????????????? | | ?????????????????????????????????????????????????? | | ?????????????????????????????????????????????????? | | | | | | | | | | | | | | | +----------------------------------------------------+ Best States ------------- Heat Dissipation 25 Energy Generation 15 Energy Capacity 250 Matter Stores 300 Matter Capacity 300 Sight Range 18 Terrain Scan Density 10 Evasion (%) 40 Recoil Reduction 2 Item Schematics ----------------- None Robot Schematics ------------------ None Fabricated ------------ Nothing Repaired ---------- Nothing Studied --------- None Alien Tech Used ----------------- None Achievements -------------- Do Not Disturb I Have A Map? Challenges ------------ None Game ------ Seed LegMultinovaBlasthammer Manual? 0 Play Time 00:38:03 Cumulative 41.7 hours Start 2025.10.26 @ 15:44:50 End 2025.10.30 @ 22:27:05 Sessions 3 Manual Loads 0 Difficulty Rogue Special Mode None Game No. 23 Rogue 13 Adventurer 10 Explorer 0 Win Type - Total 1 Types 1/0/0/0/0/0/0/0/0/0 Lore% 14 Gallery% 27 Achievement% 16 Wizard Run 0 Options --------- Layout 1 ASCII 0 Keyboard 1 Movement Numpad Keybinds 0 Fullscreen 1 Font 24/Smallcaps Map View 50x35 Zoom Use 0% Tactical HUD 1 Map Filters NONE Filters NONE Steam 1 RUN: eafe3c88-a5ae-4971-89ac-bab3615adc45